 Dungeon Crawl Stone Soup version 0.19.4-10-g532645f (webtiles) character file.

15393 sankara the Transmogrifier (level 12, -4/106 HPs)
             Began as a Yellow Draconian Transmuter on Feb 25, 2017.
             Was a High Priest of Ru.
             Slain by a death yak (23 damage)
             ... on level 3 of the Lair of Beasts.
             The game lasted 01:11:25 (13648 turns).

sankara the Transmogrifier (DrTm)                  Turns: 13648, Time: 01:11:26

Health: -4/106     AC: 11    Str: 10 (13) XL:     12   Next: 0%
Magic:  33/33      EV: 14    Int: 12 (15) God:    Ru [*****.]
Gold:   583        SH:  0    Dex: 13 (15) Spells: 5 memorised, 14 levels left

rFire  . . .     SeeInvis .       - Unarmed
rCold  . . .     Gourm    .     (armour unavailable)
rNeg   . . .     Faith    .     (shield currently unavailable)
rPois  .         Spirit   .     (helmet restricted)
rElec  .         Reflect  .     (no cloak)
rCorr  +         Harm     .     (gloves currently unavailable)
MR     .....                    G - +2 pair of boots
Stlth  ++........               t - amulet of regeneration
                                v - ring of magical power
                                f - ring of stealth

@: blade hands (expiring)
A: spit acid, acid resistance, unfitting armour, screaming 1, cold-blooded, no
conjurations magic, no ice magic, no necromancy magic, unskilled 1,
inexperienced 1, AC +8
a: Spit Acid, End Transformation, Draw Out Power, Power Leap, Apocalypse,
Renounce Religion


You were on level 3 of the Lair of Beasts.
You worshipped Ru.
Ru was extremely pleased with you.
You were hungry.
You had blades for hands.
You visited 3 branches of the dungeon, and saw 14 of its levels.

You collected 793 gold pieces.
You spent 210 gold pieces at shops.

Inventory:

Missiles
 P - 38 arrows
Armour
 u - a +1 shield of poison resistance
 F - a +1 pair of gloves (melded)
 G - a +2 pair of boots (worn)
Jewellery
 f - a ring of stealth (left scythe-like blade)
 j - an uncursed amulet of rage
 t - an amulet of regeneration (around neck)
 v - a ring of magical power (right scythe-like blade)
Wands
 i - a wand of teleportation (2/9)
 s - a wand of slowing (8/48)
 C - a wand of heal wounds (3/9)
 E - a wand of disintegration (18/24)
 L - a wand of iceblast (9/15)
 N - a wand of lightning (8/15)
Scrolls
 e - 11 scrolls of identify
 g - a scroll of fear
 h - a scroll of enchant armour
 l - 4 scrolls of remove curse
 m - a scroll of blinking
 n - 4 scrolls of teleportation
 o - 2 scrolls of recharging
Potions
 a - a potion of brilliance
 x - 4 potions of might
 z - 2 potions of lignification
 A - 2 potions of cancellation
 B - 5 potions of curing
 H - a potion of resistance
 I - a potion of haste
 R - a potion of mutation
 S - 2 potions of agility
Books
 b - a book of Changes

   Spells                             Type                      Level
   a - Beastly Appendage              Transmutation                1
   b - Sticks to Snakes               Transmutation                2
   c - Spider Form                    Transmutation/Poison         3
   d - Ice Form                       Ice/Transmutation            4
   e - Blade Hands                    Transmutation                5
 w - a book of Minor Magic

   Spells                             Type                      Level
   a - Magic Dart                     Conjuration                  1
   b - Blink                          Translocation                2
   c - Call Imp                       Summoning                    2
   d - Repel Missiles                 Charms/Air                   2
   e - Slow                           Hexes                        2
   f - Conjure Flame                  Conjuration/Fire             3
   g - Mephitic Cloud                 Conjuration/Poison/Air       3
 O - a book of Misfortune

   Spells                             Type                      Level
   a - Confusing Touch                Hexes                        1
   b - Confuse                        Hexes                        3
   c - Gell's Gravitas                Hexes/Translocation          3
   d - Petrify                        Transmutation/Earth          4
   e - Metabolic Englaciation         Hexes/Ice                    5
   f - Yara's Violent Unravelling     Hexes/Transmutation          5
 W - a book of Enchantments

   Spells                             Type                      Level
   a - Cause Fear                     Hexes                        4
   b - Yara's Violent Unravelling     Hexes/Transmutation          5
   c - Silence                        Hexes/Air                    5
   d - Deflect Missiles               Charms/Air                   6
   e - Discord                        Hexes                        8
Miscellaneous
 Q - a fan of gales
Comestibles
 c - 11 bread rations
 d - 10 meat rations
 q - 3 fruits
 r - 2 royal jellies
 J - a beef jerky


   Skills:
 + Level 9.7 Fighting
 - Level 4.6 Dodging
 + Level 10.0 Unarmed Combat
 * Level 8.4 Spellcasting
 + Level 10.1 Transmutations


You had 14 spell levels left.
You knew the following spells:

 Your Spells              Type           Power        Failure   Level  Hunger
a - Beastly Appendage     Tmut           ####..       10%         1    None
b - Sticks to Snakes      Tmut           ####....     12%         2    None
c - Spider Form           Tmut/Pois      ###.......   36%         3    ##.....
d - Blade Hands           Tmut           ####......   41%         5    #####..
e - Blink                 Tloc           N/A          63%         2    None


Dungeon Overview and Level Annotations

Branches:
Dungeon (10/15)            Temple (1/1) D:4            Lair (3/6) D:8
 Spider (0/4) Lair:3          Orc (0/2) D:10
  Swamp: Lair:2-4    Shoals: Lair:2-4

Altars:
Ashenzari
Cheibriados
Dithmenos
Elyvilon
Fedhas
Gozag
Hepliaklqana
Kikubaaqudgha
Makhleb
Nemelex Xobeh
Okawaru
Qazlal
Ru
Sif Muna
Trog
Uskayaw
Vehumet
Xom
Yredelemnul
Zin
The Shining One

Shops:
D:5 (   D:6 :[


Innate Abilities, Weirdness & Mutations

You can spit globs of acid.
You are resistant to acid.
Your golden yellow scales are hard. (AC +8)
You cannot fit into any form of body armour.
You occasionally shout uncontrollably at your foes.
You are cold-blooded and may be slowed by cold attacks.
You cannot study or cast Conjurations magic.
You cannot study or cast Ice magic.
You cannot study or cast Necromancy magic.
You are somewhat unskilled. (-1 Apt)
You are somewhat inexperienced. (-2 XL)


Message History

You slice the death yak!!
You kill the death yak!
You feel your dexterity returning.
Your Unarmed Combat skill increases to level 10!
You have reached level 12!
Your experience leads to an increase in your attributes!
Your base attributes are Str 12, Int 15, Dex 14.
Increase (S)trength, (I)ntelligence, or (D)exterity?
You feel agile.
You feel stronger.
Your scales feel tougher.
You slash the death yak!
The death yak is moderately wounded.
The death yak closely misses you.
You hit the death yak.
The death yak is heavily wounded.
The death yak gores you but does no damage.
You barely miss the death yak.
You tail-slap the death yak, but do no damage.
The death yak is moderately wounded.
The death yak gores you!!
You die...

###...................#...####P..
##..................##P.P# ##.P
#.≈≈≈≈≈≈≈#.##.P...P##...###..P
≈≈≈≈≈≈≈≈≈≈#≈##....###.....#..#
≈≈≈#####≈≈≈≈###...##.........P ≈#
##≈≈.##....###..##.....
#≈≈.#.P....#########.. ....+
#≈%.......##.P..####.# +#.≈≈#
#≈≈##@Y..............# ...≈≈##
#≈≈###................
...≈≈≈#####≈≈≈##.#..............#
....≈≈≈≈≈≈≈≈≈.................P.#
.....≈≈≈≈≈≈≈..................PP#
......[...................####P.#
......†...)............#.#####..#
+#..#.........................#.#
####...(#..#.##.......P#....##.#


You could see a death yak.

Vanquished Creatures
  Snorg (D:10)
  Harold (D:10)
  2 death yaks (Lair:3)
  Nergalle (Lair:2)
  Urug (D:10)
  A hill giant (D:10)
  The ghost of cada the Chopper, a novice FoFi (D:4)
  A cyclops (D:10)
  5 elephants (Lair:2)
  A torpor snail (Lair:3)
  2 black mambas (Lair:2)
  8 spiny frogs
  Maurice (D:10)
  A komodo dragon (Lair:2)
  A rime drake (Lair:2)
  A blink frog (Lair:1)
  3 dream sheep (Lair:3)
  6 hippogriffs
  9 yaks
  A basilisk (Lair:1)
  A hungry ghost (D:9)
  3 water moccasins
  2 porcupines
  6 orc warriors
  3 ice beasts
  A necrophage (D:8)
  2 phantoms
  A black bear (D:6)
  3 ogres
  6 centaurs
  3 crocodiles
  A big kobold (D:9)
  13 bullfrogs
  3 scorpions
  4 killer bees (D:9)
  An electric eel (Lair:3)
  3 howler monkeys
  A bullfrog zombie (D:7)
  4 crimson imps
  2 hounds
  2 jellies
  A quasit (D:8)
  8 orc priests
  2 centaur skeletons
  A bullfrog skeleton (D:4)
  8 orc wizards
  Natasha (thrice) (D:2)
  2 iguanas
  4 worker ants
  2 hound skeletons
  A hound zombie (D:9)
  A worker ant zombie (D:9)
  4 gnolls (D:8)
  5 adders
  A shadow imp (D:5)
  An adder zombie (D:5)
  3 oozes
  3 adder skeletons
  4 worms
  5 dart slugs
  8 leopard geckos
  40 orcs
  A ball python (D:2)
  3 giant cockroaches
  5 goblins
  8 hobgoblins
  24 jackals
  3 quokkas
  A ball python skeleton (D:4)
  9 bats
  10 frilled lizards
  12 kobolds
  6 rats
302 creatures vanquished.

Vanquished Creatures (collateral kills)
  2 spiny frogs (Lair:1)
  A komodo dragon (Lair:1)
  A hornet (D:10)
  A dream sheep (Lair:3)
  A yak (D:10)
  An orc warrior (D:8)
  A crimson imp (D:9)
  3 orcs
  A giant cockroach (D:4)
12 creatures vanquished.

Vanquished Creatures (others)
  An orc warrior (D:10)
  An ogre (D:9)
  2 fungi (Lair:2)
4 creatures vanquished.

Grand Total: 318 creatures vanquished

Notes
Turn   | Place    | Note
-------+----------+-------------------------------------------
     0 | D:1      | sankara the Draconian Transmuter began the quest for the Orb.
     0 | D:1      | Reached XP level 1. HP: 16/16 MP: 3/3
   332 | D:1      | Reached XP level 2. HP: 23/24 MP: 3/5
   677 | D:1      | Reached XP level 3. HP: 22/29 MP: 6/6
  1773 | D:2      | Noticed Natasha
  1780 | D:2      | Killed Natasha
  1780 | D:2      | Reached XP level 4. HP: 25/37 MP: 5/7
  1796 | D:2      | Noticed Natasha
  1800 | D:2      | Killed Natasha
  1806 | D:2      | Noticed Natasha
  1814 | D:2      | Killed Natasha
  1814 | D:2      | Reached XP level 5. HP: 12/44 MP: 6/8
  2064 | D:2      | Learned a level 2 spell: Sticks to Snakes
  2240 | D:2      | Found a bloodstained altar of Trog.
  2556 | D:3      | Found a faded altar of an unknown god.
  3125 | D:4      | Noticed cada's ghost (novice FoFi)
  3138 | D:4      | Reached XP level 6. HP: 38/51 MP: 0/9
  3158 | D:4      | Killed cada's ghost
  3158 | D:4      | Reached skill level 5 in Unarmed Combat
  3158 | D:4      | Reached skill level 5 in Transmutations
  3158 | D:4      | Your scales start taking on a golden yellow colour.
  3158 | D:4      | Reached XP level 7. HP: 22/60 MP: 1/10
  3946 | D:4      | Found a staircase to the Ecumenical Temple.
  3953 | Temple   | Entered the Ecumenical Temple
  4120 | Temple   | Became a worshipper of Ru the Awakened
  4171 | D:4      | Reached XP level 8. HP: 52/67 MP: 11/11
  4414 | D:5      | Entered Level 5 of the Dungeon
  4630 | D:5      | Reached skill level 5 in Fighting
  4716 | D:5      | Found Puosuol's Antique Weapon Shoppe.
  4819 | D:5      | Found a shattered altar of Ashenzari.
  5290 | D:6      | Found Daqaex's Book Emporium.
  5313 | D:6      | Gained mutation: You are somewhat unskilled. (-1 Apt) [Ru sacrifice]
  5313 | D:6      | Reduced skill Transmutations to level 5
  5313 | D:6      | Reached * piety under Ru
  5313 | D:6      | Reached ** piety under Ru
  5553 | D:6      | Found a sparkling altar of Nemelex Xobeh.
  5587 | D:6      | Found Mokhlaol's Antique Armour Boutique.
  5603 | D:6      | Reached skill level 5 in Fighting
  5612 | D:6      | Bought a pair of glowing boots for 210 gold pieces
  5865 | D:7      | Found a stormy altar of Qazlal.
  5883 | D:7      | Found a burning altar of Makhleb.
  6184 | D:7      | Reached XP level 9. HP: 70/74 MP: 14/14
  6608 | D:8      | Learned a level 3 spell: Spider Form
  7366 | D:8      | Gained mutation: You cannot study or cast Ice magic. [Ru sacrifice]
  7366 | D:8      | Gained mutation: You cannot study or cast Necromancy magic. [Ru sacrifice]
  7366 | D:8      | Gained mutation: You cannot study or cast Conjurations magic. [Ru sacrifice]
  7366 | D:8      | Reached *** piety under Ru
  7373 | D:8      | Learned a level 5 spell: Blade Hands
  7376 | D:8      | Learned a level 2 spell: Blink
  7731 | D:8      | Found a shattered altar of Ashenzari.
  7731 | D:8      | Found a hide-covered altar of Uskayaw.
  7761 | D:8      | Found a staircase to the Lair.
  8208 | Lair:1   | Entered Level 1 of the Lair of Beasts
  8213 | Lair:1   | Noticed a spiny frog
  8227 | Lair:1   | Noticed a komodo dragon
  8231 | Lair:1   | Killed a spiny frog
  8239 | Lair:1   | Killed a komodo dragon
  8420 | D:9      | Reached XP level 10. HP: 64/83 MP: 17/17
  8483 | D:9      | Found a deep blue altar of Sif Muna.
  8611 | D:9      | Found a glowing silver altar of Zin.
  8928 | D:9      | Reached skill level 5 in Spellcasting
  9046 | D:10     | Entered Level 10 of the Dungeon
  9192 | D:10     | Noticed Maurice
  9192 | D:10     | Noticed Harold
  9192 | D:10     | Noticed Snorg
  9388 | D:10     | Found a glowing silver altar of Zin.
  9395 | D:10     | Noticed a hill giant
  9423 | D:10     | Killed a hill giant
  9538 | D:10     | Noticed Urug
  9581 | D:10     | Killed Urug
  9783 | D:10     | Gained mutation: You are somewhat inexperienced. (-2 XL) [Ru sacrifice]
  9783 | D:10     | Reached XP level 9. HP: 79/79 MP: 26/26
  9783 | D:10     | Reached XP level 8. HP: 73/73 MP: 25/25
  9783 | D:10     | Reached **** piety under Ru
  9806 | D:10     | Killed Harold
  9806 | D:10     | Reached XP level 9. HP: 79/79 MP: 4/17
 10047 | D:10     | Killed Maurice
 10243 | D:10     | Killed Snorg
 10243 | D:10     | Reached XP level 10. HP: 88/88 MP: 7/19
 10497 | D:10     | Found a staircase to the Orcish Mines.
 10573 | D:10     | Noticed a cyclops
 10584 | D:10     | Killed a cyclops
 10800 | Lair:1   | Found a glowing silver altar of Zin.
 11020 | Lair:1   | Noticed a spiny frog
 11033 | Lair:1   | Killed a spiny frog
 11384 | Lair:1   | Noticed a spiny frog
 11393 | Lair:1   | Killed a spiny frog
 11665 | Lair:2   | Noticed a spiny frog
 11669 | Lair:2   | Noticed a spiny frog
 11669 | Lair:2   | Noticed a spiny frog
 11683 | Lair:1   | Killed a spiny frog
 11686 | Lair:1   | Killed a spiny frog
 11817 | Lair:2   | Killed a spiny frog
 11826 | Lair:2   | Reached XP level 11. HP: 63/95 MP: 21/21
 12252 | Lair:2   | Noticed Nergalle
 12707 | Lair:2   | Killed Nergalle
 12918 | Lair:3   | Gained mutation: You occasionally shout uncontrollably at your foes. [Ru sacrifice]
 12918 | Lair:3   | Reached ***** piety under Ru
 13073 | Lair:3   | Reached skill level 10 in Transmutations
 13399 | Lair:3   | Gained mutation: Your flesh is heat resistant. (rF+) [potion of mutation]
 13399 | Lair:3   | Gained mutation: You tend to lose your temper in combat. [potion of mutation]
 13399 | Lair:3   | Gained mutation: You have sharp toenails. [potion of mutation]
 13402 | Lair:3   | Lost mutation: You tend to lose your temper in combat. [potion of cure mutation]
 13402 | Lair:3   | Lost mutation: You have sharp toenails. [potion of cure mutation]
 13402 | Lair:3   | Lost mutation: Your flesh is heat resistant. (rF+) [potion of cure mutation]
 13423 | Lair:3   | Identified a scroll of acquirement
 13459 | Lair:3   | Noticed a death yak
 13461 | Lair:3   | Noticed a death yak
 13462 | Lair:3   | Noticed a death yak
 13478 | Lair:3   | Killed a death yak
 13490 | Lair:3   | Found a hole to the Spider Nest.
 13491 | Lair:3   | Noticed a wolf spider
 13645 | Lair:3   | Killed a death yak
 13645 | Lair:3   | Reached skill level 10 in Unarmed Combat
 13645 | Lair:3   | Reached XP level 12. HP: 16/106 MP: 24/24
 13648 | Lair:3   | Slain by a death yak

Skill      XL: |  1  2  3  4  5  6  7  8  9 10 11 |
---------------+----------------------------------+-----
Fighting       | 2 3 4 5 6 8 9 |  9.7
Unarmed Combat | 4 5 6 7 9 10 | 10.0
Transmutations | 3 5 6 9 10 | 10.1
Spellcasting   | 3 6 5 8 |  8.4
Dodging        | 4 3 |  4.6

Action                   |  1- 3 |  4- 6 |  7- 9 | 10-12 || total
-------------------------+-------+-------+-------+-------++-------
Melee: Unarmed           |   154 |   120 |   650 |   432 ||  1356
       Kick              |    18 |    11 |     7 |       ||    36
       Tailslap          |    12 |    12 |    77 |    60 ||   161
       Headbutt          |     7 |    10 |    98 |    37 ||   152
       Punch             |     1 |     1 |    21 |    19 ||    42
 Cast: Beastly Appendage |    31 |    23 |    73 |    29 ||   156
       Sticks to Snakes  |       |     4 |    71 |    43 ||   118
       Blade Hands       |       |       |     4 |    24 ||    28
Invok: Sacrifice Experie |       |       |     1 |       ||     1
       Sacrifice Skill   |       |       |     1 |       ||     1
       Sacrifice Arcana  |       |       |     1 |       ||     1
       Sacrifice Purity  |       |       |       |     1 ||     1
 Abil: Evoke Berserk Rag |       |     1 |     2 |     1 ||     4
       End Transformatio |       |       |       |     2 ||     2
       Spit Acid         |       |       |       |     1 ||     1
Evoke: Wand              |       |       |     3 |     9 ||    12
  Use: Scroll            |     1 |     1 |     2 |    15 ||    19
       Potion            |       |     4 |     1 |    14 ||    19
 Stab: Sleeping          |       |       |     5 |     1 ||     6
       Invisible         |       |       |     3 |     9 ||    12
       Distracted        |       |       |     2 |     4 ||     6
       Paralysed         |       |       |     2 |     2 ||     4
  Eat: Chunk             |     4 |     5 |    24 |    25 ||    58
       Fruit             |       |       |       |     1 ||     1
       Pizza             |       |       |       |     1 ||     1
Armor: Skin              |    53 |    35 |   171 |   118 ||   377
Dodge: Dodged            |    97 |    80 |   309 |   273 ||   759
